 Dungeon Crawl Stone Soup version 0.29.0-4-gdea44cf6ec (webtiles) character file.

Game seed: 5130541621771900055

87 qw the Chopper (level 4, -5/26 HPs)
             Began as a Tengu Warper on Aug 28, 2022.
             Slain by a black bear (9 damage)
             ... on level 3 of the Dungeon.
             The game lasted 00:00:17 (2626 turns).

qw the Chopper (Tengu Warper)                       Turns: 2626, Time: 00:00:18

Health: -5/26      AC:  9    Str: 14    XL:     4   Next: 51%
Magic:  8/8        EV:  6    Int: 13    God:
Gold:   180        SH:  4    Dex: 13    Spells: 7/7 levels left

rFire   . . .      SeeInvis .   Y - +0 hand axe
rCold   . . .      Faith    .   c - +0 buckler
rNeg    . . .      Spirit   .   n - +0 chain mail
rPois   .          Reflect  .   (helmet restricted)
rElec   .          Harm     .   (no cloak)
rCorr   .          Rampage  .   m - +0 pair of gloves
Will    .....                   (boots unavailable)
Stlth   ..........              (no amulet)
HPRegen 0.08/turn               (no ring)
MPRegen 0.11/turn               (no ring)

@: no status effects
A: beak, talons 3
a: no special abilities


You were on level 3 of the Dungeon.
You visited 1 branch of the dungeon, and saw 4 of its levels.

You collected 180 gold pieces.


Innate Abilities, Weirdness & Mutations

You have a beak for a mouth.
You have claws for feet.


   Skills:
 - Level 2.0 Fighting
 + Level 4.9 Axes
 - Level 1.0 Throwing
 - Level 1.1 Armour
 - Level 2.1 Dodging
 - Level 1.0 Shields
 - Level 2.0 Spellcasting
 - Level 2.4 Translocations


You had 7 spell levels left.
You didn't know any spells.
Your spell library contained the following spells:

 Spells                   Type           Power      Damage    Failure   Level
 Blink                    Tloc           14%        N/A       99%         2
 Gell's Gravitas          Tloc           7%         N/A       100%        3
 Lesser Beckoning         Tloc           7%         N/A       100%        3
 Teleport Other           Tloc           7%         N/A       100%        3
 Manifold Assault         Tloc           7%         N/A       100%        5

Inventory:

Hand Weapons
 h - a +0 mace
 Y - a +0 hand axe (weapon)
Armour
 c - a +0 buckler (worn)
 m - a +0 pair of gloves (worn)
 n - a +0 chain mail (worn)
Scrolls
 g - a scroll of identify
Potions
 a - a potion of haste {unknown}
 b - a potion of lignification {unknown}
 d - a potion of heal wounds {unknown}
 e - a potion of flight {unknown}
 i - a potion of degeneration {unknown}
 j - 2 potions of curing
 o - a potion of invisibility {unknown}

Dungeon Overview and Level Annotations

Branches:
Dungeon (4/15)
 Temple: D:4-7

Altars:

Shops:
D:1 *(


Message History

The goblin shouts!
You hear a shout!
The black bear bites you. The black bear claws you. x2
You climb upwards.
There is a stone staircase leading down here.
You hit the black bear. You claw the black bear.
Your peck misses the black bear.
The black bear is moderately wounded.
The black bear bites you but does no damage.
The black bear claws you but does no damage.
The black bear completely misses you.
You hit the black bear.
The black bear is moderately wounded.
The black bear bites you but does no damage.
The black bear claws you but does no damage.
You block the black bear's attack.
The black bear bites you but does no damage.
The black bear claws you but does no damage. x2
You hit the black bear. You peck the black bear.
The black bear is severely wounded.
The black bear goes berserk!
You closely miss the black bear.
You claw the black bear, but do no damage.
The black bear is severely wounded.
The black bear bites you but does no damage.
The black bear claws you but does no damage.
The black bear barely misses you.
You hit the black bear but do no damage.
The black bear is severely wounded.
The black bear bites you.
The black bear claws you but does no damage. x2
The black bear bites you. The black bear claws you. x2
You hit the black bear. Your kick misses the black bear.
You peck the black bear.
The black bear is almost dead.
You feel your willpower return.
The black bear bites you but does no damage.
You block the black bear's attack.
The black bear claws you but does no damage.
The black bear bites you!
You die...

....#.........# #...#
....#.........# #.###
#####.........### #.#
#...........###.#
#.........#.##..#
#.........#.##.##
#.........#....#
################.####
.......#
######@...#####
.......#
#......h......#
.......#
#.............#
.......#
#.............#
.....(.#
#.............#
.....oo#
#...#####.#####
......#####...#####.#
......orog..........#
.....g###############


You could see a black bear (berserk).

Vanquished Creatures
  An adder (D:2)
  An ufetubus (D:3)
  A dart slug (D:2)
  8 bats
  8 endoplasms
  2 giant cockroaches (D:3)
  7 goblins
  6 hobgoblins
  6 jackals (D:2)
  5 ball pythons
  A frilled lizard (D:1)
  10 kobolds
  8 rats
64 creatures vanquished.

Notes
Turn   | Place    | Note
-------+----------+-------------------------------------------
     0 | D:1      | qw the Tengu Warper began the quest for the Orb.
     0 | D:1      | Reached XP level 1. HP: 12/12 MP: 4/4
     0 | D:1      | 0 ||| qw: Version: 0.1-a-89-g26bdef1
     0 | D:1      | 0 ||| qw: Game counter: 3304
     0 | D:1      | 0 ||| qw: Always use a shield: true
     0 | D:1      | 0 ||| qw: God list: Okawaru
     0 | D:1      | 0 ||| qw: Allow faded altars: false
     0 | D:1      | 0 ||| qw: Do Orc after D:15 true
     0 | D:1      | 0 ||| qw: Do second Lair branch before Depths: true
     0 | D:1      | 0 ||| qw: Lair rune preference: random
     0 | D:1      | 0 ||| qw: Plans: Normal
     0 | D:1      | 0 ||| PLANNING D:1-11
   249 | D:1      | Found Leschidem's Assorted Antiques.
   258 | D:1      | 258 ||| SHOPLISTING 2 metallic brown potions (46 gold, have
                  | 15).
   258 | D:1      | 258 ||| SHOPLISTING amethyst potion (23 gold, have 15).
   258 | D:1      | 258 ||| SHOPLISTING brown potion (23 gold, have 15).
   258 | D:1      | 258 ||| SHOPLISTING scroll labelled COEHEAVVIF (26 gold,
                  | have 15).
   258 | D:1      | 258 ||| SHOPLISTING tubular coral ring (130 gold, have 15).
   258 | D:1      | 258 ||| SHOPLISTING viscous dark potion (23 gold, have 15).
   271 | D:1      | Reached XP level 2. HP: 14/17 MP: 6/6
   343 | D:1      | Reached skill level 3 in Axes
   468 | D:1      | Found a faded altar of an unknown god.
   527 | D:1      | 527 ||| DROPPING +0 club.
   639 | D:1      | Found Cacvust's Weapon Boutique.
   645 | D:1      | 645 ||| SHOPLISTING +0 war axe (42 gold, have 31).
   740 | D:1      | 740 ||| Stepping ~*~*~tactically~*~*~ (stealth).
   741 | D:1      | 741 ||| Stepping ~*~*~tactically~*~*~ (stealth).
   835 | D:1      | Reached XP level 3. HP: 21/21 MP: 7/7
   994 | D:1      | 994 ||| UPGRADING to +0 ring mail.
  1004 | D:1      | 1004 ||| DROPPING +0 leather armour.
  1005 | D:1      | 1005 ||| READING scroll labelled GAKHLU PEGHIPO.
  1006 | D:1      | 1006 ||| READING scroll labelled COEHEAVVIF.
  1007 | D:1      | 1007 ||| READING scroll labelled DAEDWO ROBRY.
  1008 | D:1      | 1008 ||| READING scroll labelled AFUINO RANOPN.
  1009 | D:1      | 1009 ||| READING scroll labelled GOETUGU JURAT.
  1010 | D:1      | 1010 ||| DRINKING 2 amethyst potions.
  1011 | D:1      | 1011 ||| DROPPING scroll of blinking.
  1057 | D:2      | Reached skill level 4 in Axes
  1260 | D:2      | 1260 ||| Stepping ~*~*~tactically~*~*~ (stealth).
  1707 | D:2      | Reached XP level 4. HP: 17/26 MP: 8/8
  1939 | D:2      | 1939 ||| UPGRADING to +0 buckler.
  1944 | D:2      | 1944 ||| DROPPING +6 ring of intelligence.
  2122 | D:3      | 2122 ||| Stepping ~*~*~tactically~*~*~ (hiding).
  2123 | D:3      | 2123 ||| Stepping ~*~*~tactically~*~*~ (hiding).
  2460 | D:3      | Reached skill level 1 in Shields
  2569 | D:3      | 2569 ||| UPGRADING to +0 pair of gloves.
  2574 | D:3      | 2574 ||| UPGRADING to +0 chain mail.
  2584 | D:3      | 2584 ||| DROPPING +0 ring mail.
  2585 | D:3      | 2585 ||| READING scroll labelled GAERIFF SOGOW.
  2586 | D:3      | 2586 ||| READING scroll labelled XATIAR MAXU.
  2587 | D:3      | 2587 ||| READING scroll labelled LANIEQ UNGEPO.
  2592 | D:3      | 2592 ||| READING scroll labelled MAAHADYMOTU.
  2608 | D:4      | Noticed a black bear
  2609 | D:4      | 2609 ||| STAIRDANCE
  2619 | D:4      | 2619 ||| STAIRDANCE
  2625 | D:3      | HP: 6/26 [black bear (3)]
  2626 | D:3      | Slain by a black bear

Levels and vault maps discovered:
D:1:      minmay_arrival_four_houses, layout_basic, serial_shops,
          nicolae_shop_bloodbath_and_beyond, shop_statue,
          dreamdust_ecumenical_altar_grove, serial_park_tiny_pond
D:2:      layout_loops_cross
D:3:      layout_basic, grunt_decor_mini_mirrors, chequers_decorated_corner
D:4:      layout_cave_pools, corner_web_ring, uniq_eustachio, uniq_ijyb,
          uniq_edmund

Skill      XL: |  1  2  3  4 |
---------------+-------------+-----
Axes           | 3 4 |  4.9
Shields        | 1 |  1.0
Fighting       | |  2.0
Throwing       | |  1.0
Armour         | |  1.1
Dodging        | |  2.1
Spellcasting   | |  2.0
Translocations | |  2.4

Action                   |  1- 3 |  4- 6 || total
-------------------------+-------+-------++-------
Melee: Hand axe          |   127 |    43 ||   170
       Kick              |    22 |    11 ||    33
       Peck              |    12 |    10 ||    22
Throw: Boomerang         |     7 |       ||     7
  Use: Scroll            |     5 |     4 ||     9
       Potion            |     1 |       ||     1
Armor: Leather armour    |     9 |       ||     9
       Ring mail         |    35 |    15 ||    50
       Chain mail        |       |    22 ||    22
Dodge: Dodged            |    73 |    25 ||    98
Block: Buckler           |       |    10 ||    10

Table legend:
 A = Non-vault XP
 B = Vault XP
 C = Vault XP percentage of total XP
 D = Non-vault monster count
 E = Vault monster count
 F = Vault count percentage of total count
                 A         B        C        D         E       F
            +---------+---------+-------+---------+---------+-------
      Total |     125 |       0 |   0.0 |      64 |       0 |   0.0
            +---------+---------+-------+---------+---------+-------
        D:1 |      41 |       0 |   0.0 |      25 |       0 |   0.0
        D:2 |      52 |       0 |   0.0 |      24 |       0 |   0.0
        D:3 |      30 |       0 |   0.0 |      14 |       0 |   0.0
        D:4 |       2 |       0 |   0.0 |       1 |       0 |   0.0
            +---------+---------+-------+---------+---------+-------
